[ AOE2 MATCH · #513557774 ]
UnrankedChinese vs Civ #60
Player's team · LOSS
Rival team · WIN
[ REPLAY ANALYSIS · EXTRACTED FROM THE RECORDED GAME ]
Feudal
8:48
Castle
24:26
Imperial
—
| APM avg | 76.7 |
| APM peak | 131 |
| eAPM avg | 23.2 |
| Villagers / military | 59 / 31 |
Focus
⚔️ 38.8% · 🌾 61.2%
Skirmisher ×18 · Scout Cavalry ×8 · Knight ×4 · Spearman ×1
Feudal
9:42
Castle
21:27
Imperial
—
| APM avg | 64.3 |
| APM peak | 136 |
| eAPM avg | 28.4 |
| Villagers / military | 60 / 36 |
Focus
⚔️ 58.9% · 🌾 41.1%
Archer ×13 · Skirmisher ×11 · Unknown (2703) ×8 · Militia ×7 · Spearman ×5
Match map
Initial resources + every placement click. Lines = walls · curves = elevation contours. ◆ gold · ⬟ stone · ● berries · ✦ relic · ◌ wall gap
Your base· ✓ Closed at 24:27 · 61t walls · 1 gate(s)
[SiG] Yoshi7-7's base· Open — opponent sealed themselves in
Smoothed initial terrain · ◌ = detected wall gap · hover for details
Inputs per minute
— Calm Calamari - - [SiG] Yoshi7-7
Build order — Calm Calamari
First 150 of 184 actions detected
| 0:01 | Research | Loom |
| 0:48 | Queue | Villager (Male) |
| 0:49 | Queue | Villager (Male) |
| 1:13 | Queue | Villager (Male) |
| 1:37 | Queue | Villager (Male) |
| 1:37 | Queue | Villager (Male) |
| 2:00 | Queue | Villager (Male) |
| 2:01 | Queue | Villager (Male) |
| 2:20 | Queue | Villager (Male) |
| 2:30 | Build | Lumber Camp |
| 2:37 | Build | House |
| 2:38 | Build | House |
| 2:49 | Queue | Villager (Male) |
| 2:49 | Queue | Villager (Male) |
| 3:12 | Queue | Villager (Male) |
| 3:12 | Queue | Villager (Male) |
| 3:26 | Queue | Villager (Male) |
| 3:51 | Queue | Villager (Male) |
| 3:52 | Queue | Villager (Male) |
| 4:04 | Queue | Villager (Male) |
| 4:05 | Queue | Villager (Male) |
| 4:36 | Queue | Villager (Male) |
| 4:36 | Queue | Villager (Male) |
| 5:00 | Queue | Villager (Male) |
| 5:05 | Queue | Villager (Male) |
| 5:06 | Queue | Villager (Male) |
| 5:06 | Queue | Villager (Male) |
| 5:27 | Build | Mill |
| 6:37 | Research | Feudal Age |
| 6:37 | Research | Feudal Age |
| 7:15 | Build | House |
| 7:40 | Queue | Villager (Male) |
| 7:45 | Build | Barracks |
| 7:57 | Build | House |
| 8:00 | Queue | Villager (Male) |
| 8:17 | Queue | Villager (Male) |
| 8:48 | Age | Feudal Age |
| 8:53 | Queue | Villager (Male) |
| 8:55 | Build | Stable |
| 9:17 | Build | House |
| 9:19 | Queue | Spearman |
| 9:25 | Build | Palisade Wall |
| 9:27 | Build | Palisade Wall |
| 9:36 | Build | Palisade Wall |
| 9:37 | Build | Palisade Wall |
| 9:39 | Build | Palisade Wall |
| 9:40 | Queue | Villager (Male) |
| 9:41 | Build | Palisade Wall |
| 9:43 | Build | Palisade Wall |
| 9:45 | Build | Palisade Wall |
| 9:48 | Build | Palisade Wall |
| 9:50 | Build | Palisade Wall |
| 9:51 | Build | Palisade Wall |
| 9:54 | Build | Palisade Wall |
| 9:55 | Build | Palisade Wall |
| 9:56 | Build | Palisade Wall |
| 9:57 | Build | Palisade Wall |
| 10:04 | Queue | Scout Cavalry |
| 10:05 | Queue | Scout Cavalry |
| 10:09 | Build | House |
| 10:10 | Queue | Villager (Male) |
| 10:23 | Queue | Scout Cavalry |
| 10:37 | Queue | Villager (Male) |
| 11:04 | Build | Farm |
| 11:08 | Build | Farm |
| 11:13 | Build | Farm |
| 11:16 | Queue | Villager (Male) |
| 11:25 | Build | Farm |
| 11:42 | Queue | Villager (Male) |
| 12:03 | Build | Farm |
| 12:06 | Queue | Villager (Male) |
| 12:14 | Build | Archery Range |
| 12:19 | Build | House |
| 12:21 | Build | Palisade Wall |
| 12:22 | Build | Palisade Wall |
| 12:23 | Queue | Villager (Male) |
| 12:31 | Build | House |
| 12:33 | Build | Palisade Wall |
| 12:39 | Build | House |
| 12:42 | Build | House |
| 12:51 | Queue | Villager (Male) |
| 12:57 | Queue | Villager (Male) |
| 13:04 | Build | Farm |
| 13:06 | Build | Farm |
| 13:09 | Build | Farm |
| 13:10 | Queue | Skirmisher |
| 13:11 | Queue | Skirmisher |
| 13:45 | Queue | Skirmisher |
| 13:45 | Queue | Villager (Male) |
| 13:49 | Build | Farm |
| 14:12 | Queue | Skirmisher |
| 14:15 | Queue | Skirmisher |
| 14:15 | Queue | Villager (Male) |
| 14:17 | Build | Farm |
| 14:31 | Build | Farm |
| 14:33 | Build | Farm |
| 14:39 | Queue | Skirmisher |
| 14:39 | Queue | Villager (Male) |
| 14:53 | Queue | Villager (Male) |
| 14:59 | Queue | Skirmisher |
| 15:13 | Queue | Skirmisher |
| 15:32 | Queue | Skirmisher |
| 15:58 | Queue | Skirmisher |
| 16:02 | Queue | Villager (Male) |
| 16:02 | Queue | Villager (Male) |
| 16:07 | Build | Blacksmith |
| 16:36 | Queue | Skirmisher |
| 16:41 | Queue | Scout Cavalry |
| 16:41 | Queue | Scout Cavalry |
| 16:42 | Queue | Villager (Male) |
| 16:49 | Build | Lumber Camp |
| 16:57 | Research | Fletching |
| 16:57 | Research | Fletching |
| 16:58 | Queue | Skirmisher |
| 17:15 | Queue | Scout Cavalry |
| 17:16 | Queue | Villager (Male) |
| 17:18 | Build | Farm |
| 17:20 | Build | Farm |
| 17:23 | Queue | Skirmisher |
| 17:23 | Queue | Villager (Male) |
| 18:05 | Build | Farm |
| 18:06 | Build | Farm |
| 18:08 | Build | Farm |
| 18:08 | Research | Double-Bit Axe |
| 18:09 | Queue | Villager (Male) |
| 18:13 | Research | Horse Collar |
| 18:21 | Queue | Scout Cavalry |
| 18:24 | Build | Farm |
| 18:29 | Build | Mining Camp |
| 18:43 | Queue | Villager (Male) |
| 18:56 | Build | House |
| 18:59 | Build | Palisade Wall |
| 19:05 | Queue | Villager (Male) |
| 19:08 | Queue | Villager (Male) |
| 19:12 | Build | House |
| 19:13 | Build | Palisade Wall |
| 19:14 | Build | Palisade Wall |
| 19:14 | Build | Palisade Wall |
| 19:15 | Queue | Villager (Male) |
| 19:18 | Build | Palisade Gate |
| 19:20 | Queue | Scout Cavalry |
| 19:47 | Queue | Villager (Male) |
| 20:00 | Queue | Villager (Male) |
| 20:10 | Build | Market |
| 20:13 | Build | Palisade Wall |
| 20:50 | Queue | Skirmisher |
| 21:18 | Build | Stable |
| 21:22 | Queue | Villager (Male) |
| 21:46 | Research | Castle Age |
| 21:53 | Build | Stable |
Build order — [SiG] Yoshi7-7
First 150 of 191 actions detected
| 0:01 | Queue | Villager (Male) |
| 0:01 | Queue | Villager (Male) |
| 0:01 | Queue | Villager (Male) |
| 0:02 | Queue | Villager (Male) |
| 0:02 | Queue | Villager (Male) |
| 0:03 | Build | House |
| 0:05 | Build | House |
| 1:27 | Queue | Villager (Male) |
| 1:28 | Queue | Villager (Male) |
| 1:59 | Build | Lumber Camp |
| 2:00 | Queue | Villager (Male) |
| 2:23 | Queue | Villager (Male) |
| 2:23 | Queue | Villager (Male) |
| 2:36 | Queue | Villager (Male) |
| 2:36 | Queue | Villager (Male) |
| 2:37 | Queue | Villager (Male) |
| 2:54 | Queue | Villager (Male) |
| 2:54 | Queue | Villager (Male) |
| 3:07 | Build | House |
| 3:32 | Queue | Villager (Male) |
| 3:32 | Queue | Villager (Male) |
| 3:59 | Build | House |
| 4:15 | Queue | Villager (Male) |
| 4:45 | Queue | Villager (Male) |
| 5:21 | Queue | Villager (Male) |
| 5:22 | Queue | Villager (Male) |
| 5:34 | Build | Barracks |
| 5:43 | Queue | Villager (Male) |
| 5:43 | Queue | Villager (Male) |
| 5:43 | Queue | Villager (Male) |
| 5:44 | Queue | Villager (Male) |
| 5:54 | Build | Palisade Wall |
| 5:55 | Build | Palisade Wall |
| 5:59 | Queue | Villager (Male) |
| 6:56 | Build | Mining Camp |
| 7:08 | Research | Loom |
| 7:09 | Research | Feudal Age |
| 7:09 | Research | Feudal Age |
| 7:25 | Queue | Militia |
| 7:25 | Queue | Militia |
| 7:46 | Queue | Militia |
| 7:47 | Queue | Militia |
| 8:05 | Queue | Militia |
| 8:16 | Build | Mill |
| 9:10 | Build | Farm |
| 9:13 | Build | House |
| 9:42 | Age | Feudal Age |
| 9:47 | Research | Man-at-Arms (upgrade) |
| 9:48 | Research | Man-at-Arms (upgrade) |
| 9:51 | Queue | Villager (Male) |
| 9:52 | Queue | Villager (Male) |
| 9:55 | Queue | Spearman |
| 10:04 | Queue | Villager (Male) |
| 10:07 | Research | Double-Bit Axe |
| 10:14 | Research | Horse Collar |
| 10:14 | Research | Horse Collar |
| 10:36 | Queue | Villager (Male) |
| 10:43 | Queue | Spearman |
| 11:05 | Queue | Villager (Male) |
| 11:09 | Build | House |
| 11:13 | Queue | Militia |
| 11:16 | Queue | Villager (Male) |
| 11:18 | Build | Farm |
| 11:20 | Build | Farm |
| 12:02 | Queue | Villager (Male) |
| 12:07 | Build | Archery Range |
| 12:14 | Queue | Militia |
| 12:22 | Queue | Villager (Male) |
| 12:24 | Build | Farm |
| 12:56 | Queue | Villager (Male) |
| 12:58 | Build | Farm |
| 13:01 | Build | Farm |
| 13:05 | Build | Farm |
| 13:06 | Queue | Skirmisher |
| 13:06 | Queue | Skirmisher |
| 13:07 | Queue | Skirmisher |
| 13:10 | Build | House |
| 13:11 | Build | Palisade Wall |
| 13:28 | Queue | Villager (Male) |
| 13:31 | Build | Farm |
| 13:31 | Build | Farm |
| 14:09 | Queue | Villager (Male) |
| 14:10 | Queue | Villager (Male) |
| 14:11 | Build | Farm |
| 14:13 | Queue | Skirmisher |
| 14:13 | Queue | Skirmisher |
| 14:15 | Queue | Spearman |
| 14:16 | Queue | Villager (Male) |
| 14:36 | Queue | Villager (Male) |
| 14:38 | Build | Farm |
| 14:39 | Build | Farm |
| 14:57 | Build | House |
| 14:57 | Queue | Villager (Male) |
| 15:11 | Queue | Villager (Male) |
| 15:14 | Queue | Skirmisher |
| 15:36 | Queue | Skirmisher |
| 15:37 | Queue | Villager (Male) |
| 15:57 | Queue | Villager (Male) |
| 16:02 | Build | Blacksmith |
| 16:04 | Queue | Skirmisher |
| 16:05 | Queue | Skirmisher |
| 16:10 | Queue | Villager (Male) |
| 16:12 | Queue | Villager (Male) |
| 16:45 | Queue | Skirmisher |
| 16:45 | Queue | Archer |
| 16:47 | Build | Farm |
| 16:47 | Build | Farm |
| 17:07 | Build | House |
| 17:09 | Research | Padded Archer Armor |
| 17:09 | Research | Padded Archer Armor |
| 17:17 | Queue | Skirmisher |
| 17:23 | Build | House |
| 18:02 | Queue | Villager (Male) |
| 18:14 | Queue | Spearman |
| 18:19 | Build | Farm |
| 18:19 | Build | Farm |
| 18:23 | Build | Farm |
| 18:44 | Build | Farm |
| 18:48 | Research | Castle Age |
| 18:48 | Research | Castle Age |
| 18:59 | Build | House |
| 19:01 | Build | Palisade Wall |
| 19:09 | Build | Palisade Wall |
| 19:24 | Build | Lumber Camp |
| 19:27 | Build | House |
| 19:28 | Build | Palisade Wall |
| 19:33 | Queue | Spearman |
| 19:39 | Research | Fletching |
| 19:49 | Build | Watch Tower |
| 20:00 | Queue | Archer |
| 20:00 | Queue | Archer |
| 20:06 | Build | Farm |
| 20:32 | Build | Palisade Wall |
| 20:34 | Build | House |
| 20:36 | Build | House |
| 20:45 | Queue | Archer |
| 20:50 | Queue | Villager (Male) |
| 20:58 | Build | Farm |
| 20:58 | Build | Farm |
| 21:02 | Build | Palisade Wall |
| 21:05 | Build | House |
| 21:07 | Build | Palisade Gate |
| 21:12 | Build | House |
| 21:27 | Age | Castle Age |
| 21:28 | Build | Farm |
| 21:30 | Research | Crossbowman (upgrade) |
| 21:30 | Research | Crossbowman (upgrade) |
| 21:32 | Research | Bodkin Arrow |
| 21:32 | Research | Bodkin Arrow |
| 21:43 | Queue | Villager (Male) |
Match timeline
| 5:34 | [SiG] Yoshi7-7 · first_building Barracks |
| 5:54 | [SiG] Yoshi7-7 · wall_segment Palisade Wall x1 |
| 5:55 | [SiG] Yoshi7-7 · wall_segment Palisade Wall x1 |
| 7:45 | Calm Calamari · first_building Barracks |
| 8:48 | Calm Calamari · age_up feudal |
| 8:55 | Calm Calamari · first_building Stable |
| 9:25 | Calm Calamari · wall_segment Palisade Wall x1 |
| 9:27 | Calm Calamari · wall_segment Palisade Wall x1 |
| 9:36 | Calm Calamari · wall_segment Palisade Wall x1 |
| 9:37 | Calm Calamari · wall_segment Palisade Wall x1 |
| 9:39 | Calm Calamari · wall_segment Palisade Wall x1 |
| 9:41 | Calm Calamari · wall_segment Palisade Wall x1 |
| 9:42 | [SiG] Yoshi7-7 · age_up feudal |
| 9:43 | Calm Calamari · wall_segment Palisade Wall x1 |
| 9:45 | Calm Calamari · wall_segment Palisade Wall x1 |
| 9:48 | Calm Calamari · wall_segment Palisade Wall x1 |
| 9:50 | Calm Calamari · wall_segment Palisade Wall x1 |
| 9:51 | Calm Calamari · wall_segment Palisade Wall x1 |
| 9:54 | Calm Calamari · wall_segment Palisade Wall x1 |
| 9:55 | Calm Calamari · wall_segment Palisade Wall x1 |
| 9:56 | Calm Calamari · wall_segment Palisade Wall x1 |
| 9:57 | Calm Calamari · wall_segment Palisade Wall x1 |
| 12:07 | [SiG] Yoshi7-7 · first_building Archery Range |
| 12:14 | Calm Calamari · first_building Archery Range |
| 12:21 | Calm Calamari · wall_segment Palisade Wall x6 |
| 12:22 | Calm Calamari · wall_segment Palisade Wall x7 |
| 12:33 | Calm Calamari · wall_segment Palisade Wall x9 |
| 13:11 | [SiG] Yoshi7-7 · wall_segment Palisade Wall x6 |
| 18:59 | Calm Calamari · wall_segment Palisade Wall x17 |
| 19:01 | [SiG] Yoshi7-7 · wall_segment Palisade Wall x11 |
| 19:09 | [SiG] Yoshi7-7 · wall_segment Palisade Wall x1 |
| 19:13 | Calm Calamari · wall_segment Palisade Wall x1 |
| 19:14 | Calm Calamari · wall_segment Palisade Wall x1 |
| 19:14 | Calm Calamari · wall_segment Palisade Wall x1 |
| 19:28 | [SiG] Yoshi7-7 · wall_segment Palisade Wall x11 |
| 20:13 | Calm Calamari · wall_segment Palisade Wall x7 |
| 20:32 | [SiG] Yoshi7-7 · wall_segment Palisade Wall x1 |
| 21:02 | [SiG] Yoshi7-7 · wall_segment Palisade Wall x1 |
| 21:27 | [SiG] Yoshi7-7 · age_up castle |
| 21:45 | Calm Calamari · first_market_sell 500 stone |
| 21:46 | Calm Calamari · first_market_buy 100 food |
| 24:26 | Calm Calamari · age_up castle |
| 25:51 | Calm Calamari · resign |
[ AI ANALYSIS · 1 CREDIT ]
What really happened in this match?
Wolo.gg analyzes every decision: build order, eco, micro, common mistakes by bracket. Personalized analysis on WhatsApp or Discord in 30 seconds.
Civ guide
Chinese
Perfil
Jugador #4565214